 Dungeon Crawl Stone Soup version 0.31.0-32-g396128a36d (webtiles) character file.

Game seed: 1346722288199334217

398 spaghetti the Chiller (level 6, -7/49 HPs)
             Began as a Naga Ice Elementalist on Mar 9, 2024.
             Shot with an arrow by a centaur (10 damage)
             ... on level 5 of the Dungeon.
             The game lasted 00:04:51 (3496 turns).

spaghetti the Chiller (Naga Ice Elementalist)       Turns: 3496, Time: 00:04:52

Health: -7/49      AC:  3    Str: 10    XL:     6   Next: 83%
Magic:  10/12      EV:  9    Int: 18    God:
Gold:   212        SH:  0    Dex: 11    Spells: 7/14 levels left

rFire   . . .        g - +0 spear (distort)
rCold   . . .        (no shield)
rNeg    . . .        a - +0 robe
rPois   +            (no helmet)
rElec   .            (no cloak)
rCorr   .            (no gloves)
SInv    +            (no barding)
Will    .....        k - amulet of faith
Stlth   ++           (no ring)
HPRegen 0.28/turn    (no ring)
MPRegen 0.13/turn

%: faith
@: very slow
A: AC +2, large, see invisible, deformed body, poison resistance, slowness 2,
spit poison 1, naga tail 1
a: Spit Poison


You were on level 5 of the Dungeon.
You visited 1 branch of the dungeon, and saw 5 of its levels.

You collected 212 gold pieces.

Inventory:

Hand Weapons
 g - a +0 spear of distortion (weapon)
Armour
 a - a +0 robe (worn)
Jewellery
 k - an amulet of faith (around neck)
Scrolls
 c - a scroll of torment
 e - 2 scrolls of vulnerability {unknown}
 f - a scroll of amnesia {unknown}
 h - a scroll of poison {unknown}
 i - 2 scrolls of enchant armour {unknown}
 n - a scroll of identify
 o - a scroll of fear {unknown}
Potions
 b - a potion of magic
 d - a potion of might
 j - a potion of berserk rage {unknown}
 l - a potion of cancellation {unknown}
 m - a potion of attraction {unknown}
 p - a potion of heal wounds


   Skills:
 - Level 1.5 Dodging
 - Level 3.0 Stealth
 + Level 4.5 Spellcasting
 + Level 3.8 Summonings
 - Level 5.0 Ice Magic


You had 7 spell levels left.
You knew the following spells:

 Your Spells              Type           Power      Damage    Failure   Level
a - Freeze                Ice            88%        1d9       1%          1
b - Frozen Ramparts       Ice            44%        1d7       5%          3
c - Summon Ice Beast      Ice/Summ       19%        N/A       7%          3

Your spell library contained the following spells:

 Spells                   Type           Power      Damage    Failure   Level
 Ozocubu's Armour         Ice            22%        N/A       5%          3
 Gell's Gravitas          Tloc           4%         N/A       38%         3
 Teleport Other           Tloc           4%         N/A       38%         3
 Iskenderun's Battlesphe  Conj           4%         2d6       98%         5
 Bombard                  Conj/Erth      2%         9d1       100%        6
 Dispersal                Tloc           2%         N/A       100%        6
 Spellforged Servitor     Conj/Summ      5%         N/A       100%        7


Dungeon Overview and Level Annotations

Branches:
Dungeon (5/15)
 Temple: D:4-7

Altars:
Uskayaw
Wu Jian
Zin

Annotations:
D:3 Natasha
Abyss:1 Sigmund


Innate Abilities, Weirdness & Mutations

Your serpentine skin is tough. (AC +2)
You have supernaturally acute eyesight. (SInv)
Armour fits poorly on your strangely shaped body.
Your system is resistant to poisons. (rPois)
You cover ground very slowly.
You can spit poison.
You have a snake-like lower body.


Message History

Unknown command.
Reach: g) +0 spear (distort)
Press: ? - help, Dir - move target, f/p - gnoll
Aim: a gnoll, wielding a +0 spear (heavily wounded, ally target, about 39% to evade your +0 spear of distortion)
You could not reach far enough!
The gnoll misses your ice beast.
The centaur wields a +0 orcbow.
The centaur shoots an arrow.
The arrow closely misses your ice beast.
The arrow hits you!
A gnoll comes into view. It is wielding a +0 spear.
Unknown command.
Unknown command.
Reach: g) +0 spear (distort)
Press: ? - help, Dir - move target, f - gnoll, p - gnoll
Aim: a gnoll, wielding a +0 spear (about 39% to evade your +0 spear of distortion)
You reach to attack!
You barely miss the gnoll.
Your ice beast hits the gnoll but does no damage.
The centaur shoots an arrow.
The arrow closely misses your ice beast.
The arrow hits you!
The gnoll hits you from afar with a +0 spear.
The gnoll hits your ice beast with a +0 spear.
Unknown command.
Unknown command.
Unknown command.
The centaur shoots an arrow.
The arrow closely misses your ice beast.
The arrow hits you!
* * * LOW HITPOINT WARNING * * *
Your ice beast hits the gnoll.
Your ice beast freezes the gnoll.
The centaur shoots an arrow.
The arrow hits your ice beast.
Your ice beast closely misses the gnoll.
The centaur shoots an arrow.
The arrow hits you!
* * * LOW HITPOINT WARNING * * *
The gnoll hits your ice beast but does no damage.
Your ice beast hits the gnoll.
The gnoll dies!
The centaur shoots an arrow.
The arrow closely misses you. The gnoll barely misses you.
The centaur shoots an arrow.
The arrow hits you!
You die...

#####.#
....)..
#######.....#
...........#
#.........#
#......c..##
#@....Ygg...
#...g).##
###..#+######
###.........#
#.'.........#
###.........#
#...........#
#
##....†.....#
#8
#..........#


You could see a centaur, 3 gnolls and a friendly ice beast (summoned).

Vanquished Creatures
  A phantom (D:4)
  An orc wizard (D:4)
  Robin (D:3)
  An adder (D:2)
  2 ribbon worms
  A dart slug (D:2)
  3 orcs
  4 ball pythons
  2 endoplasms (D:1)
  2 giant cockroaches
  2 hobgoblins
  2 quokkas
  4 bats
  A frilled lizard (D:1)
  6 goblins
  6 kobolds
  3 rats
42 creatures vanquished.

Vanquished Creatures (collateral kills)
  An iguana (D:5)
  A gnoll (D:5)
  An adder (D:5)
  4 orcs (D:4)
  A giant cockroach (D:4)
  2 jackals (D:4)
  A bat (D:3)
  A goblin (D:3)
  A rat (D:3)
13 creatures vanquished.

Grand Total: 55 creatures vanquished

Notes
Turn   | Place    | Note
-------+----------+-------------------------------------------
     0 | D:1      | spaghetti the Naga Ice Elementalist began the quest for the
                  | Orb.
     0 | D:1      | Reached XP level 1. HP: 15/15 MP: 3/3
   263 | D:1      | Reached XP level 2. HP: 22/22 MP: 5/5
  1276 | D:2      | Reached XP level 3. HP: 28/28 MP: 7/7
  1280 | D:2      | Learned a level 3 spell: Frozen Ramparts
  1284 | D:2      | Learned a level 3 spell: Summon Ice Beast
  1992 | D:3      | Noticed Robin
  2004 | D:3      | Killed Robin
  2091 | D:3      | Found an ornate altar of the Wu Jian Council.
  2197 | D:3      | Noticed Natasha
  2370 | D:3      | Reached XP level 4. HP: 34/36 MP: 4/8
  2372 | D:3      | Reached skill level 1 in Summonings
  2518 | D:3      | Found a glowing silver altar of Zin.
  2518 | D:3      | Noticed an angel
  2526 | D:3      | Noticed Sigmund
  2530 | D:3      | Banished Sigmund
  2531 | D:3      | Reached skill level 5 in Ice Magic
  2531 | D:3      | Reached XP level 5. HP: 40/42 MP: 5/10
  2531 | D:3      | Reached XP level 6. HP: 46/49 MP: 5/11
  2805 | D:3      | Identified the +1 robe "Voroxt" {Fly rPois Str-4}
  3240 | D:4      | Found a hide-covered altar of Uskayaw.
  3337 | D:5      | Entered Level 5 of the Dungeon
  3496 | D:5      | Shot with an arrow by a centaur

Illustrated notes

Levels and vault maps discovered:
D:1:      roderic_crop_circles_arrival_small, layout_rooms, chequers_big_river
D:2:      layout_loops_corners
D:3:      layout_basic, zin_angel, lemuel_coloured_pillars_altar,
          dk_noncrumbling_2, uniq_sigmund, uniq_natasha, uniq_robin
D:4:      layout_cave_pools, lemuel_round_altar, minmay_temple_entry_fiery,
          serial_shops, shop
D:5:      layout_basic, nicolae_overflow_hidden_temple, serial_shops,
          shop_fountains, uniq_duvessa, uniq_menkaure

Skill      XL: |  1  2  3  4  5  6 |
---------------+-------------------+-----
Spellcasting   | 3 4 |  4.5
Summonings     | 2 3 |  3.8
Ice Magic      | 5 |  5.0
Dodging        | |  1.5
Stealth        | |  3.0

Action                     |  1- 3 |  4- 6 || total
---------------------------+-------+-------++-------
  Melee: Spear             |    51 |    43 ||    94
         Punch             |       |     1 ||     1
   Cast: Freeze            |    14 |       ||    14
         Summon Ice Beast  |     4 |    12 ||    16
         Frozen Ramparts   |       |     1 ||     1
Ability: Spit Poison       |     5 |     1 ||     6
    Use: Scroll            |     4 |       ||     4
         Potion            |     1 |       ||     1
   Stab: Sleeping          |     5 |     2 ||     7
 Armour: Robe              |    44 |    32 ||    76
  Dodge: Dodged            |    16 |    19 ||    35
